 Dungeon Crawl Stone Soup version 0.24.0-125-gc4c63601f3 (webtiles) character file.

Game seed: 9881727917345247709, levelgen mode: deterministic

336 MisterOstroum the Cudgeler (level 6, -10/51 HPs)
             Began as a Draconian Wanderer on Mar 9, 2020.
             Mangled by Duvessa
             ... wielding a +4 short sword of electrocution
              (20 damage)
             ... on level 4 of the Dungeon.
             The game lasted 00:07:05 (4553 turns).

MisterOstroum the Cudgeler (Draconian Wanderer)     Turns: 4553, Time: 00:07:06

Health: -10/51     AC:  6    Str: 18    XL:     6   Next: 28%
Magic:  7/7        EV: 11    Int: 10    God:
Gold:   44         SH:  4    Dex: 11    Spells: 3/7 levels left

rFire    . . .     SeeInvis .   a - +2 mace
rCold    . . .     Gourm    .   h - +0 buckler
rNeg     . . .     Faith    .   (armour unavailable)
rPois    .         Spirit   .   (helmet restricted)
rElec    .         Reflect  .   (no cloak)
rCorr    .         Harm     .   (no gloves)
MR       .....                  (no boots)
Stlth    ++........             (no amulet)
HPRegen  0.17/turn              (no ring)
MPRegen  0.10/turn              (no ring)

@: no status effects
A: unfitting armour, cold-blooded, AC +6
a: no special abilities


You were on level 4 of the Dungeon.
You were not hungry.

You visited 1 branch of the dungeon, and saw 4 of its levels.

You collected 44 gold pieces.

Inventory:

Hand Weapons
 a - a +2 mace (weapon)
 i - a +0 hunting sling
 n - a +1 mace of draining
Missiles
 b - 54 stones
 d - 52 bolts
 j - 19 sling bullets
 l - 4 poisoned darts (quivered)
 v - 34 arrows
Armour
 h - a +0 buckler (worn)
 k - a +0 large shield
Jewellery
 r - an uncursed ring of poison resistance {unknown}
Wands
 s - a wand of paralysis (9)
 u - a wand of iceblast (4)
Scrolls
 c - 4 scrolls of teleportation {@r3 !r}
 f - 4 scrolls of identify {unknown}
 m - a scroll of amnesia {unknown}
 o - a scroll of enchant weapon {unknown}
 p - a scroll of noise {unknown}
 q - 2 scrolls of remove curse {unknown}
 w - a scroll of enchant armour {unknown}
Potions
 g - a potion of haste {unknown}
 t - a potion of heal wounds {unknown}
 x - a potion of might {unknown}
Comestibles
 e - 2 rations


   Skills:
 - Level 3.2 Fighting
 * Level 6.0 Maces & Flails
 - Level 1.0 Throwing
 - Level 2.9 Stealth
 + Level 2.6 Shields
 - Level 1.0 Spellcasting
 - Level 0.3 Charms
 - Level 0.3 Translocations
   Level 2.0 Air Magic
 - Level 1.0 Evocations


You had 3 spell levels left.
You knew the following spells:

 Your Spells              Type           Power        Failure   Level  Hunger
a - Shroud of Golubria    Chrm/Tloc      #.....       47%         2    ###....
B - Blink                 Tloc           N/A          47%         2    ###....

Your spell library contained the following spells:

 Spells                   Type           Power        Failure   Level  Hunger


Dungeon Overview and Level Annotations

Branches:
Dungeon (4/15)
 Temple: D:4-7

Altars:
Qazlal
Wu Jian

Annotations:
D:4 Duvessa


Innate Abilities, Weirdness & Mutations

Your plain brown scales are hard. (AC +6)
You cannot fit into any form of body armour.
You are cold-blooded and may be slowed by cold attacks.


Message History

The helpless Blork the orc fails to defend himself.
You hit Blork the orc.
Blork the orc is lightly wounded.
The helpless Blork the orc fails to defend himself.
You hit Blork the orc.
Blork the orc is moderately wounded.
The helpless Blork the orc fails to defend himself.
You hit Blork the orc. You tail-slap Blork the orc.
Blork the orc is moderately wounded.
The helpless Blork the orc fails to defend himself.
You hit Blork the orc.
Blork the orc is heavily wounded.
Unknown command.
The helpless Blork the orc fails to defend himself.
You sock Blork the orc!
Blork the orc is severely wounded.
The helpless Blork the orc fails to defend himself.
You sock Blork the orc! You tail-slap Blork the orc.
You kill Blork the orc!
Training target 3.0 for Fighting reached!
Your Fighting skill increases to level 3!
You have reached level 6!
Your experience leads to an increase in your attributes!
Increase (S)trength, (I)ntelligence, or (D)exterity?
You feel stronger.
Your scales feel tougher.
Things that are here:
a cursed +0 flail; a +0 robe There isn't anything to butcher here.
Unknown command.
t - an inky potion
Items here: ) [[ รท a +0 ring mail; a cursed +0 leather armour; a +0 club; an orc skeleton
z - a chunk of flesh
There is a stone staircase leading up, spattered with blood here.
Things that are here:
a +0 robe; a +0 dagger; an orc skeleton
Found a hunting sling.
v - 34 arrows (gained 20)
You see here a hunting sling.
Dowan is too close now for your liking.
Dowan is nearby!
Throwing (i - inventory. (/) - cycle)
l - 8 poisoned darts (quivered)
Press: ? - help, Shift-Dir - straight line, f - Dowan
Aim: Dowan, wielding a +0 dagger and wearing a +0 robe You throw a poisoned dart.
The poisoned dart hits Dowan.
Dowan is poisoned.
Dowan casts a spell at you. The puff of frost misses you.
Throwing (i - inventory. (/) - cycle)
l - 7 poisoned darts (quivered)
Press: ? - help, Shift-Dir - straight line, f/p - Dowan
Aim: Dowan, wielding a +0 dagger and wearing a +0 robe (poisoned)
You throw a poisoned dart. The poisoned dart barely misses Dowan.
You hit Dowan.
Dowan is moderately wounded.
Dowan hits you but does no damage.
You barely miss Dowan.
Dowan is moderately wounded.
Dowan hits you with a +0 dagger.
You hit Dowan.
Your tail-slap misses Dowan.
Dowan is heavily wounded.
Dowan barely misses you.
You thump Dowan!
You kill Dowan!
You hear a distant scream of rage.
Your Maces & Flails skill increases to level 6!
All of the chunks of flesh in your inventory have rotted away.
Things that are here:
a +0 dagger; a +0 robe There isn't anything to butcher here.
Duvessa is too close now for your liking.
Throwing (i - inventory. (/) - cycle)
l - 6 poisoned darts (quivered)
Press: ? - help, Shift-Dir - straight line, f - Duvessa
Aim: Duvessa, wielding a +4 short sword of electrocution and wearing a +1 ring mail of fire resistance (hasn't noticed you)
You throw a poisoned dart. The poisoned dart hits Duvessa.
Duvessa is poisoned.
Duvessa shouts!
Duvessa goes berserk!
Throwing (i - inventory. (/) - cycle)
l - 5 poisoned darts (quivered)
Press: ? - help, Shift-Dir - straight line, f/p - Duvessa
Aim: Duvessa, wielding a +4 short sword of electrocution and wearing a +1 ring mail of fire resistance (lightly wounded, berserk, fast, unusually strong, poisoned)
You throw a poisoned dart. The poisoned dart hits Duvessa.
Duvessa looks even sicker.
Duvessa is lightly wounded.
You barely miss Duvessa.
You tail-slap Duvessa, but do no damage.
Duvessa is lightly wounded.
Duvessa hits you with a +4 short sword of electrocution.
You are electrocuted!
You block Duvessa's attack.
You hit Duvessa but do no damage.
Duvessa is lightly wounded.
Duvessa barely misses you. Duvessa hits you but does no damage.
You are electrocuted!!
You are too injured to fight recklessly!
You hit Duvessa but do no damage.
Duvessa is lightly wounded.
Duvessa closely misses you.
You hit Duvessa but do no damage.
Duvessa is lightly wounded.
Duvessa hits you with a +4 short sword of electrocution!
* * * LOW HITPOINT WARNING * * *
You are electrocuted!!
You die...

#.##....# #....#
# #.>..#
#.##.##.#####
#..........(
####.#.###.#####.
#.#.###(......
#.....e.......
#.....@.(.(#
##...##.##.#
##)## .... ###
..... ###.## ##.#
#... #.(.#
#...#######


You could see Duvessa (berserk).

Vanquished Creatures
  Blork the orc (D:4)
  Dowan (D:4)
  2 orc wizards (D:4)
  An orc priest (D:4)
  A worker ant (D:3)
  4 adders
  2 oozes
  2 dart slugs
  4 leopard geckos
  4 orcs (D:4)
  2 ball pythons (D:3)
  5 giant cockroaches
  4 goblins
  5 hobgoblins
  3 jackals (D:3)
  5 kobolds
  9 bats
  2 frilled lizards
  6 rats
63 creatures vanquished.

Notes
Turn   | Place    | Note
-------+----------+-------------------------------------------
     0 | D:1      | MisterOstroum the Draconian Wanderer began the quest for
                  | the Orb.
     0 | D:1      | MisterOstroum set off with the following items: a +2 mace,
                  | a scroll of teleportation {@r3 !r}, a ration; and the
                  | following spells available to memorise: Blink, Shroud of
                  | Golubria
     0 | D:1      | Reached XP level 1. HP: 14/14 MP: 2/2
   262 | D:1      | Reached skill level 1 in Stealth
   297 | D:1      | Reached XP level 2. HP: 16/22 MP: 3/3
   309 | D:1      | Learned a level 2 spell: Blink
   447 | D:1      | Reached skill level 1 in Fighting
  1458 | D:2      | Reached XP level 3. HP: 20/29 MP: 4/4
  1793 | D:2      | Found an ornate altar of the Wu Jian Council.
  1798 | D:2      | Reached skill level 1 in Shields
  2314 | D:3      | Found a stormy altar of Qazlal.
  2372 | D:3      | Reached XP level 4. HP: 29/36 MP: 5/5
  3195 | D:4      | Noticed Blork the orc
  3483 | D:3      | Learned a level 2 spell: Shroud of Golubria
  3596 | D:4      | HP: 1/37 [orc wizard/magic dart (9)]
  3603 | D:3      | HP: 1/37 [jackal (1)]
  3917 | D:4      | HP: 1/37 [orc wizard/magic dart (2)]
  3925 | D:4      | Reached XP level 5. HP: 13/42 MP: 4/6
  4137 | D:4      | Noticed Duvessa
  4137 | D:4      | Noticed Dowan
  4513 | D:4      | Killed Blork the orc
  4513 | D:4      | Reached XP level 6. HP: 51/51 MP: 7/7
  4545 | D:4      | Killed Dowan
  4545 | D:4      | Reached skill level 6 in Maces & Flails
  4553 | D:4      | Mangled by Duvessa

Levels and vault maps discovered:
D:1:      tarquinn_simple_flora_water_e, layout_basic
D:2:      wander_river, layout_loops_corners, old_standard_altar
D:3:      layout_basic, old_standard_altar
D:4:      layout_loops_cross, first_ration, minmay_misc_feat_room, uniq_duvessa,
          uniq_blork_the_orc

Skill      XL: |  1  2  3  4  5  6 |
---------------+-------------------+-----
Stealth        | 1 2 |  2.9
Fighting       | 1 2 3 |  3.2
Shields        | 1 2 |  2.6
Maces & Flails | 6 |  6.0
Throwing       | |  1.0
Spellcasting   | |  1.0
Charms         | |  0.3
Translocations | |  0.3
Air Magic      | |  2.0
Evocations     | |  1.0

Action                   |  1- 3 |  4- 6 || total
-------------------------+-------+-------++-------
Melee: Mace              |    87 |    99 ||   186
       Tailslap          |    10 |    12 ||    22
 Fire: Hunting sling     |       |     2 ||     2
Throw: Dart              |       |     6 ||     6
 Cast: Shroud of Golubri |       |     2 ||     2
Evoke: Wand              |       |     4 ||     4
  Use: Potion            |       |     5 ||     5
 Stab: Sleeping          |     3 |     1 ||     4
       Paralysed         |       |     6 ||     6
  Eat: Chunk             |     4 |     4 ||     8
       Ration            |       |     1 ||     1
Armor: Skin              |    44 |    29 ||    73
Dodge: Dodged            |    51 |    48 ||    99
Block: Buckler           |    19 |    11 ||    30
